 Dungeon Crawl Stone Soup version 0.25.0-9-g26727b657a (webtiles) character file.

Game seed: 2858590972701208030

26 mopl the Ducker (level 2, -4/18 HPs)
             Began as a Deep Elf Chaos Knight on June 18, 2020.
             Slain by an iron imp (8 damage)
             ... summoned by Xom
             ... on level 2 of the Dungeon.
             The game lasted 00:01:39 (949 turns).

mopl the Ducker (Deep Elf Chaos Knight)              Turns: 949, Time: 00:01:39

Health: -4/18      AC:  5    Str:  9      XL:     2   Next: 89%
Magic:  4/4        EV: 12    Int: 16      God:
Gold:   19         SH:  0    Dex: 13 (14) Spells: 1/1 levels left

rFire    . . .     SeeInvis .   a - +1 dagger (venom)
rCold    . . .     Gourm    .   (no shield)
rNeg     . . .     Faith    .   b - +2 leather armour
rPois    .         Spirit   .   (no helmet)
rElec    .         Reflect  .   (no cloak)
rCorr    .         Harm     .   (no gloves)
MR       .....                  (no boots)
Stlth    ++........             (no amulet)
HPRegen  0.06/turn              (no ring)
MPRegen  0.09/turn              (no ring)

@: no status effects
A: no striking features
a: no special abilities


You were on level 2 of the Dungeon.
You were not hungry.

You visited 1 branch of the dungeon, and saw 2 of its levels.

You collected 19 gold pieces.

Inventory:

Hand Weapons
 a - a +1 dagger of venom (weapon)
Armour
 b - a +2 leather armour (worn)
 k - a +1 ring mail of magic resistance
Scrolls
 e - a scroll of amnesia
 i - a scroll of remove curse
Potions
 f - a potion of heal wounds
 g - a potion of curing
Comestibles
 c - 4 rations
 d - 4 chunks of flesh


   Skills:
 + Level 2.8 Fighting
 - Level 3.0 Short Blades
 - Level 0.7 Armour
 + Level 3.1 Dodging
 + Level 1.8 Stealth


You had one spell level left.
You didn't know any spells.
Your spell library was empty.

Dungeon Overview and Level Annotations

Branches:
Dungeon (2/15)

Altars:


Message History

The quasit claws you but does no damage.
The crimson imp closely misses you.
As you read the scroll labeled TAUMIS GOIG, it crumbles to dust.
It is a scroll of identify.
f - a potion of heal wounds The ufetubus closely misses you.
The ufetubus hits you. The iron imp hits you! The quasit bites you.
You feel clumsy.
The quasit claws you but does no damage. x2
The iron imp completely misses you. The ufetubus closely misses you.
The ufetubus misses you. The crimson imp hits you.
As you read the scroll labeled GUOKHLIA YBRUYSCH, it crumbles to dust.
The creatures around you are filled with an inner flame!
It was a scroll of immolation.
The quasit bites you but does no damage.
The quasit barely misses you. The quasit misses you. The ufetubus hits you.
* * * LOW HITPOINT WARNING * * *
The ufetubus hits you but does no damage.
The iron imp hits you!
You die...

### ... ##.# #...
#45# #55# #5@# #55#
#55# #..# #..#
##..###############
#.................#
###.............#.#
#############.#.#


You could see an ice devil (summoned, inner flame), 2 iron imps, 2 quasits, 2
crimson imps, a shadow imp (summoned, inner flame) and an ufetubus (summoned,
inner flame).

Vanquished Creatures
  2 dart slugs
  2 leopard geckos (D:1)
  A giant cockroach (D:1)
  2 goblins (D:1)
  2 hobgoblins (D:1)
  2 kobolds (D:1)
  5 bats
  3 frilled lizards (D:1)
  A rat (D:1)
20 creatures vanquished.

Notes
Turn   | Place    | Note
-------+----------+-------------------------------------------
     0 | D:1      | mopl the Deep Elf Chaos Knight began the quest for the Orb.
     0 | D:1      | Reached XP level 1. HP: 13/13 MP: 3/3
     0 | D:1      | Fell from the grace of Xom
   276 | D:1      | Reached skill level 1 in Stealth
   426 | D:1      | Reached XP level 2. HP: 18/18 MP: 4/4
   867 | D:2      | XOM: noise
   945 | D:2      | XOM: summons 9 hostile demons
   946 | D:2      | Noticed a crimson imp
   946 | D:2      | Noticed an ice devil
   946 | D:2      | Noticed a crimson imp
   949 | D:2      | Slain by an iron imp

Illustrated notes

Levels and vault maps discovered:
D:1:      lightli_arrival_boilingwater, layout_rooms
D:2:      layout_basic, first_ration, solitary_fountain

Skill      XL: |  1  2 |
---------------+-------+-----
Stealth        | 1 |  1.8
Dodging        | 3 |  3.1
Fighting       | |  2.8
Short Blades   | |  3.0
Armour         | |  0.7

Action                   || total
-------------------------++-------
Melee: Short sword       ||    44
       Dagger            ||    21
Invok: Renounce Religion ||     1
  Use: Scroll            ||     4
       Potion            ||     1
 Stab: Sleeping          ||     2
Armor: Leather armour    ||    36
Dodge: Dodged            ||    51
